 Dungeon Crawl Stone Soup version 0.31.0-2-g5a2aebc5c2 (webtiles) character file.

Game seed: 15855361522482603088

50 Aldia the Chopper (level 3, -4/31 HPs)
             Began as a Gnoll Reaver on Jan 20, 2024.
             Slain by Crazy Yiuf
             ... wielding a +4 quarterstaff of chaos
              (5 damage)
             ... on level 2 of the Dungeon.
             The game lasted 00:01:51 (1273 turns).

Aldia the Chopper (Gnoll Reaver)                    Turns: 1273, Time: 00:01:51

Health: -4/31      AC:  4    Str: 13    XL:     3   Next: 79%
Magic:  9/9        EV: 12    Int: 12    God:
Gold:   122        SH:  0    Dex: 10    Spells: 11/12 levels left

rFire   . . .        j - +2 whip (elec)
rCold   . . .        (no shield)
rNeg    . . .        b - +0 leather armour
rPois   .            (no helmet)
rElec   .            (no cloak)
rCorr   .            o - +0 pair of gloves
SInv    .            (no boots)
Will    .....        (no amulet)
Stlth   +            (no ring)
HPRegen 0.25/turn    (no ring)
MPRegen 0.11/turn

%: no passive effects
@: mighty
A: fangs 1, strong nose, distributed training
a: no special abilities


You were on level 2 of the Dungeon.
You visited 1 branch of the dungeon, and saw 2 of its levels.

You collected 122 gold pieces.

Inventory:

Hand Weapons
 a - a +0 hand axe
 j - a +2 whip of electrocution (weapon)
Armour
 b - a +0 leather armour (worn)
 o - a +0 pair of gloves (worn)
Scrolls
 c - a scroll of enchant weapon
 d - a scroll of teleportation
 e - a scroll of blinking {unknown}
 h - a scroll of poison
 i - a scroll of noise {unknown}
 k - a scroll of fear {unknown}
 m - a scroll of revelation {unknown}
 n - a scroll of brand weapon {unknown}
Potions
 g - a potion of cancellation {unknown}
 l - 2 potions of curing {unknown}


   Skills:
 + Level 4.6 Fighting
 + Level 1.0 Short Blades
 + Level 1.0 Long Blades
 + Level 6.5 Axes
 + Level 1.0 Maces & Flails
 + Level 1.0 Polearms
 + Level 1.0 Staves
 + Level 1.0 Ranged Weapons
 + Level 1.0 Throwing
 + Level 1.0 Armour
 + Level 4.6 Dodging
 + Level 1.0 Stealth
 + Level 1.0 Shields
 + Level 1.0 Unarmed Combat
 + Level 5.0 Spellcasting
 + Level 5.4 Conjurations
 + Level 0.7 Hexes
 + Level 0.7 Summonings
 + Level 0.7 Necromancy
 + Level 0.7 Translocations
 + Level 0.7 Fire Magic
 + Level 0.7 Ice Magic
 + Level 0.7 Air Magic
 + Level 0.7 Earth Magic
 + Level 0.7 Alchemy
 + Level 1.0 Invocations
 + Level 1.0 Evocations
 + Level 0.8 Shapeshifting


You had 11 spell levels left.
You knew the following spells:

 Your Spells              Type           Power      Damage    Failure   Level
a - Kiss of Death         Conj/Necr      40%        2d8       7%          1

Your spell library contained the following spells:

 Spells                   Type           Power      Damage    Failure   Level
 Momentum Strike          Conj/Tloc      20%        3d8       11%         2
 Hailstorm                Conj/Ice       10%        3d6       22%         3


Dungeon Overview and Level Annotations

Branches:
Dungeon (2/15)

Altars:

Shops:
D:2 (

Annotations:
D:2 Crazy Yiuf


Innate Abilities, Weirdness & Mutations

You have very sharp teeth.
Your uncanny sense of smell can sniff out nearby items.
Your experience applies equally to all skills.


Message History

A goblin comes into view. It is wielding a +0 dagger.
The goblin shouts!
You hit the goblin.
You kill the goblin!
No target in view!
No target in view!
No target in view!
Search for what [? for help]? armor You see here a +0 dagger.
Found a pair of gloves.
You see here a +0 pair of gloves.
Found a hammer.
Found a runed translucent door.
You see here a +0 pair of gloves.
o - a +0 pair of gloves You start putting on your armour.
You continue putting on your +0 pair of gloves. x4
You finish putting on your +0 pair of gloves.
Crazy Yiuf shouts!
Press: ? - help, v - describe, . - travel
Here: Crazy Yiuf, wielding a +4 quarterstaff of chaos and wearing a +1 cloak (fire blocked by a runed translucent door)
The floor.
Unknown command.
Okay, then.
You feel very mighty all of a sudden.
You open the door. You barely miss Crazy Yiuf.
Crazy Yiuf hits you with a +4 quarterstaff of chaos!
Crazy Yiuf burns you.
You hit Crazy Yiuf.
Crazy Yiuf is moderately wounded.
Crazy Yiuf hits you but does no damage.
You closely miss Crazy Yiuf.
Crazy Yiuf is moderately wounded.
Crazy Yiuf barely misses you.
You whack Crazy Yiuf!
Crazy Yiuf is severely wounded.
Crazy Yiuf hits you with a +4 quarterstaff of chaos!
* * * LOW HITPOINT WARNING * * *
Crazy Yiuf burns you.
You die...

#..#..#.##....
#.......##....
####.#####.... ###
###.... ####......
#.##.##### ####♣♣ ###
#.##.# ###.#..♣♣ ♣♣#..)#
#.##.#
#.....♣.♣♣♣♣@g...#
#.##.##
#.#......♣..♣#...#
#.....# #.###...♣.♣♣♣
### ####..# #.# ##♣♣♣♣♣
#..#### #####.###
#...... ........#####
############......
###.........#.
.........#######. #
#.###.#####.####.#..##.#
##. # #.# #.#
#.#......∩...# #..


You could see Crazy Yiuf.

Vanquished Creatures
  2 adders (D:2)
  An endoplasm (D:1)
  3 giant cockroaches
  4 goblins
  6 hobgoblins
  2 kobolds
  2 quokkas (D:1)
  A ball python (D:1)
  2 bats
  6 frilled lizards
  2 rats
31 creatures vanquished.

Notes
Turn   | Place    | Note
-------+----------+-------------------------------------------
     0 | D:1      | Aldia the Gnoll Reaver began the quest for the Orb.
     0 | D:1      | Reached XP level 1. HP: 20/20 MP: 6/6
   143 | D:1      | Reached XP level 2. HP: 19/26 MP: 7/7
   620 | D:2      | Reached skill level 5 in Spellcasting
   620 | D:2      | Reached XP level 3. HP: 30/31 MP: 7/9
   822 | D:2      | Found a faded altar of an unknown god.
  1018 | D:2      | Reached skill level 1 in Invocations
  1079 | D:2      | Found Latecid's Antique Weapon Shop.
  1127 | D:2      | Reached skill level 1 in Short Blades
  1127 | D:2      | Reached skill level 1 in Long Blades
  1127 | D:2      | Reached skill level 1 in Maces & Flails
  1127 | D:2      | Reached skill level 1 in Polearms
  1127 | D:2      | Reached skill level 1 in Staves
  1127 | D:2      | Reached skill level 1 in Ranged Weapons
  1127 | D:2      | Reached skill level 1 in Throwing
  1127 | D:2      | Reached skill level 1 in Armour
  1127 | D:2      | Reached skill level 1 in Stealth
  1127 | D:2      | Reached skill level 1 in Shields
  1127 | D:2      | Reached skill level 1 in Unarmed Combat
  1127 | D:2      | Reached skill level 1 in Evocations
  1222 | D:2      | Found a runed translucent door.
  1265 | D:2      | Noticed Crazy Yiuf
  1273 | D:2      | HP: 1/31 [Crazy Yiuf/+4 quarterstaff of chaos (13)]
  1273 | D:2      | Slain by Crazy Yiuf

Illustrated notes

Levels and vault maps discovered:
D:1:      amcnicky_arrival_double_pillar, layout_rooms
D:2:      layout_loops_cross, ebering_ecumenical_altar_petrified, serial_shops,
          shop, uniq_crazy_yiuf_cottage

Skill      XL: |  1  2  3 |
---------------+----------+-----
Spellcasting   | 5 |  5.0
Invocations    | 1 |  1.0
Short Blades   | 1 |  1.0
Long Blades    | 1 |  1.0
Maces & Flails | 1 |  1.0
Polearms       | 1 |  1.0
Staves         | 1 |  1.0
Ranged Weapons | 1 |  1.0
Throwing       | 1 |  1.0
Armour         | 1 |  1.0
Stealth        | 1 |  1.0
Shields        | 1 |  1.0
Unarmed Combat | 1 |  1.0
Evocations     | 1 |  1.0
Fighting       | |  4.6
Axes           | |  6.5
Dodging        | |  4.6
Conjurations   | |  5.4
Hexes          | |  0.7
Summonings     | |  0.7
Necromancy     | |  0.7
Translocations | |  0.7
Fire Magic     | |  0.7
Ice Magic      | |  0.7
Air Magic      | |  0.7
Earth Magic    | |  0.7
Alchemy        | |  0.7
Shapeshifting  | |  0.8

Action                     || total
---------------------------++-------
  Melee: Hand axe          ||    71
         Bite              ||     5
         Punch             ||     1
         Whip              ||    29
    Use: Scroll            ||     4
         Potion            ||     1
 Armour: Leather armour    ||    57
  Dodge: Dodged            ||    49
